 Dungeon Crawl Stone Soup version 0.30-a0-1160-g6e42c06551 (webtiles) character file.

Game seed: 15291157212973981533

629 kae the Changer (level 7, -9/51 HPs)
             Began as a Demigod Transmuter on Apr 25, 2023.
             Mangled by a gnoll
             ... wielding a +1 antimagic halberd
             ... led by a gnoll bouda
              (10 damage)
             ... on level 5 of the Dungeon.
             The game lasted 00:04:43 (4357 turns).

kae the Changer (Demigod Transmuter)                Turns: 4357, Time: 00:04:43

Health: -9/51      AC:  2    Str: 11    XL:     7   Next: 3%
Magic:  13/16      EV: 19    Int: 23    God:
Gold:   166        SH:  0    Dex: 19    Spells: 3/13 levels left

rFire   + .          .
                       - Unarmed
rCold   . . .        (shield currently unavailable)
rNeg    . . .        a - melded +1 robe
rPois   x            (helmet currently unavailable)
rElec   .            (cloak currently unavailable)
rCorr   +            (gloves currently unavailable)
SInv    .            (boots currently unavailable)
Will    .....        (no amulet)
Stlth   ++           R - ring of resist corrosion
HPRegen 0.28/turn    F - ring of protection from fire
MPRegen 0.15/turn

%: no passive effects
@: spider-form, weakened, wereblooded
A: venomous fangs, tiny, high MP 1, forlorn, divine attributes
a: End Transformation


You were on level 5 of the Dungeon.
You were a venomous arachnid creature.
You visited 1 branch of the dungeon, and saw 5 of its levels.

You collected 166 gold pieces.


Innate Abilities, Weirdness & Mutations

You are a venomous arachnid creature.
You have venomous fangs.
You are tiny and dextrous.
Your spellcasting is less reliable in this form.
Your armour is entirely melded.
You are incapable of wielding weapons or throwing items.
You have an increased reservoir of magic. (+10% MP)
You shall have no god before yourself.
Your divine heritage dramatically boosts your attributes as you level up.


   Skills:
 - Level 0.8 Fighting
 - Level 1.7 Dodging
 - Level 2.6 Unarmed Combat
 + Level 3.9 Spellcasting
 + Level 4.2 Transmutations
 * Level 3.2 Ice Magic
 - Level 2.5 Poison Magic


You had 3 spell levels left.
You knew the following spells:

 Your Spells              Type           Power      Damage    Failure   Level
a - Beastly Appendage     Tmut           48%        N/A       8%          1
b - Wereblood             Tmut           24%        N/A       10%         2
c - Spider Form           Tmut/Pois      20%        N/A       21%         3
d - Ice Form              Ice/Tmut       21%        N/A       43%         4

Your spell library contained the following spells:

 Spells                   Type           Power      Damage    Failure   Level
 Gell's Gravitas          Tloc           4%         N/A       54%         3
 Portal Projectile        Hex/Tloc       8%         N/A       54%         3
 Teleport Other           Tloc           4%         N/A       54%         3
 Tukima's Dance           Hex            4%         N/A       54%         3
 Blade Hands              Tmut           12%        N/A       67%         5
 Dispersal                Tloc           2%         N/A       100%        6

Inventory:

Missiles
 d - 51 stones
 h - 5 boomerangs
 n - 2 throwing nets {=f!f}
Armour
 a - a +1 robe (melded)
Magical Staves
 c - a staff of conjuration {!a}
   (You found it on level 3 of the Dungeon)
Jewellery
 F - a ring of protection from fire (right front pincers)
   (You found it on level 3 of the Dungeon)
 R - a ring of resist corrosion (left front pincers)
   (You found it on level 3 of the Dungeon)
Scrolls
 j - 2 scrolls of teleportation {@r4}
 k - a scroll of enchant armour
 l - a scroll of fog
Potions
 b - 3 potions of lignification {!q}
 e - 4 potions of brilliance
 g - 3 potions of haste {@q3}
 i - a potion of attraction {!q}

Dungeon Overview and Level Annotations

Branches:
Dungeon (5/15) Zot: 25651  Temple (0/1) D:4

Shops:
D:1 * D:4

( #.......## **,,,,, #.......#
*,,,,,, #.......## *###
**,,,*** #.....##.## *#..###
**,**** ##....###..##
##.....##*,** #...###
##[.###........,** ** #..##
#..#..........,,** **, #####
##....).......,,,* *,,
...########....)s.......,,,**
*,,
................g..<....,,,,*
**,
##......###.###..gg.....,,,,**
*,
#####...#☼...○#.........,,,,,*
** ##
#####.....#.........,,,,,****
.##
#...._............,,,,,**,,
..#
#.#.....#.........,,,,,,*,8
..#
##.#○...○#.........,,,,,,*,,
.##
#.####.###,...,,,,,,,,,,,**,


You could see a gnoll bouda (very poisoned) and 2 gnolls.


Message History

The adder hisses angrily.
You hit the adder but do no damage.
The adder is poisoned.
You hear a shout!
The adder bites you.
A gnoll comes into view. It is wielding a +0 flail.
You barely miss the adder. The adder misses you.
The gnoll completely misses you. The adder misses you. 😕 HP[-3] MP[+1]
You take 3 damage, and now have 43/46 hp.
You barely miss the adder. The adder misses you.
The gnoll completely misses you.
A gnoll comes into view. It is wielding a +1 antimagic halberd.
The gnoll shouts!
You bite the adder!
You feel a bit better.
You kill the adder!
The gnoll completely misses you.
You have reached level 7!
A gnoll bouda comes into view. It is wielding a +0 club. 😕 HP[+7]
You now have 51 max hp (+5).
You regained 7 hp, and now have 50/51 hp.
You barely miss the gnoll.
The gnoll bouda shouts!
The gnoll barely misses you.
You barely miss the adder. The adder completely misses you.
A gnoll comes into view. It is wielding a +0 spear.
The gnoll misses you.
You hit the adder.
The adder is poisoned.
The adder bites you.
You hit the adder.
The adder looks as sick as possible!
You feel a bit better.
You kill the adder!
The gnoll bouda gazes fiercely through you!
You feel your attacks grow feeble. The gnoll misses you. 😎 HP[+1]
Your hp is fully restored (51).
You barely miss the gnoll.
You hiss as the wereblood boils in your veins!
The gnoll closely misses you. 😎 MP[+1] Unknown command.
You hit the gnoll.
The gnoll is poisoned.
The gnoll misses you.
The gnoll hits you with a +0 flail of protection.
The gnoll barely misses you.
The gnoll hits you with a +0 flail. 😕 HP[-6]
You take 6 damage, and now have 45/51 hp.
You hit the gnoll.
The gnoll is poisoned.
The gnoll bouda gazes fiercely through you!
You feel as though you will be weak longer.
The gnoll bouda misses you.
The gnoll hits you from afar with a +0 spear!
The gnoll barely misses you. The gnoll hits you with a +0 flail!
The gnoll completely misses you. 😮 HP[-14]
You take 14 damage, and now have 31/51 hp.
MASSIVE DAMAGE!! (PAUSE)
You hit the gnoll.
The gnoll looks as sick as possible!
You hiss as the wereblood boils in your veins!
You feel a bit better.
You kill the gnoll!
The gnoll closely misses you. x2
The gnoll hits you with a +0 flail of protection!
* * * LOW HITPOINT WARNING * * *
😨 HP[-11]
You take 11 damage, and now have 20/51 hp.
MASSIVE DAMAGE!! (PAUSE)
You hit the gnoll.
The gnoll looks as sick as possible!
The gnoll bouda barks out a call to the hunt!
The gnolls pick up the pace!
The gnoll hits you from afar with a +0 spear.
* * * LOW HITPOINT WARNING * * *
The gnoll misses you. The gnoll barely misses you. 😨 HP[-4]
You take 4 damage, and now have 16/51 hp.
Unknown command.
You hit the gnoll bouda but do no damage.
The gnoll bouda is poisoned.
The gnoll bouda hits you with a +0 club.
* * * LOW HITPOINT WARNING * * *
The gnoll barely misses you. The gnoll misses you.
The gnoll closely misses you. 😨 HP[-1]
You take 1 damage, and now have 15/51 hp.
Unknown command.
You barely miss the gnoll. The gnoll bouda closely misses you.
The gnoll hits you from afar with a +0 spear!
* * * LOW HITPOINT WARNING * * *
The gnoll closely misses you. x2 😱 HP[-7] MP[+1]
You take 7 damage, and now have 8/51 hp.
You hit the gnoll but do no damage.
The gnoll looks as sick as possible!
The gnoll bouda barely misses you. The gnoll barely misses you.
The gnoll completely misses you. The gnoll closely misses you.
Unknown command.
You barely miss the gnoll.
You feel a bit better.
You kill the gnoll!
The gnoll bouda hits you with a +0 club!
* * * LOW HITPOINT WARNING * * *
The gnoll misses you.
The gnoll hits you from afar with a +1 antimagic halberd!
You die...

Skill      XL: |  1  2  3  4  5  6 |
---------------+-------------------+-----
Transmutations | 2 3 4 |  4.2
Spellcasting   | 2 3 |  3.9
Poison Magic   | 1 2 |  2.5
Ice Magic      | 1 3 |  3.2
Fighting       | |  0.8
Dodging        | |  1.7
Unarmed Combat | |  2.6

Action                     |  1- 3 |  4- 6 |  7- 9 || total
---------------------------+-------+-------+-------++-------
  Melee: Unarmed           |   124 |   168 |    13 ||   305
         Kick              |    25 |       |       ||    25
         Headbutt          |    15 |     1 |       ||    16
         Punch             |     1 |     1 |       ||     2
   Cast: Beastly Appendage |    29 |     1 |       ||    30
         Wereblood         |     4 |    10 |       ||    14
         Spider Form       |     2 |    26 |       ||    28
    Use: Scroll            |     6 |     3 |       ||     9
   Stab: Sleeping          |     1 |       |       ||     1
 Armour: Robe              |    28 |     7 |       ||    35
         Skin              |     2 |     8 |       ||    10
  Dodge: Dodged            |    80 |   152 |    25 ||   257

Levels and vault maps discovered:
D:1:      dpeg_arrival_solitude, layout_basic, serial_shops,
          nicolae_shop_statue_plus
D:2:      layout_rooms
D:3:      layout_rooms, evilmike_ruin_ashenzari, nicolae_underground_beach
D:4:      layout_cave_pools, nemelex_diamond_rough_becter,
          lemuel_temple_firewalk_b, serial_shops, shop,
          minmay_misc_feat_secret_circle
D:5:      layout_cave_pods, nicolae_kikubaaqudgha_miasma_corner,
          nicolae_wu_jian_immortal_techniques

Notes
Turn   | Place    | Note
-------+----------+-------------------------------------------
     0 | D:1      | kae the Demigod Transmuter began the quest for the Orb.
     0 | D:1      | Reached XP level 1. HP: 15/15 MP: 5/5
     0 | D:1      | magus.rc [v1.11.3]
   100 | D:1      | Found Uwuuca Keysch's Assorted Antiques.
   145 | D:1      | Reached skill level 2 in Transmutations
   148 | D:1      | Reached skill level 2 in Spellcasting
   273 | D:1      | Reached XP level 2. HP: 18/22 MP: 5/7
   290 | D:1      | Learned a level 2 spell: Wereblood
   358 | D:1      | You add the spells Gell's Gravitas, Teleport Other and
                  | Dispersal to your library.
   472 | D:1      | You pick up a book of Weapons and begin reading...
   472 | D:1      | You add the spells Tukima's Dance, Portal Projectile and
                  | Blade Hands to your library.
   566 | D:1      | Reached skill level 1 in Poison Magic
  1168 | D:2      | Reached XP level 3. HP: 13/27 MP: 9/9
  1172 | D:2      | Learned a level 3 spell: Spider Form
  1829 | D:2      | HP: 6/27 [poisoned by an adder]
  1964 | D:2      | Reached XP level 4. HP: 17/34 MP: 4/10
  2055 | D:2      | Reached skill level 2 in Poison Magic
  2164 | D:3      | Reached skill level 3 in Transmutations
  2395 | D:3      | Reached skill level 3 in Spellcasting
  2395 | D:3      | Reached XP level 5. HP: 21/39 MP: 8/12
  2547 | D:3      | Learned a level 4 spell: Ice Form
  2960 | D:4      | Reached skill level 1 in Ice Magic
  3011 | D:4      | Identified the +0 pair of gloves of Ethereal Wonder {Will-
                  | rCorr Int+9 Dex-2}
  3149 | D:4      | HP: 8/39 [gnoll/+0 spear[a gnoll bouda] (5)]
  3151 | D:4      | Reached XP level 6. HP: 13/46 MP: 7/14
  3382 | D:4      | HP: 10/46 [black bear (5)]
  3384 | D:4      | Reached skill level 2 in Ice Magic
  3522 | D:4      | Reached skill level 4 in Transmutations
  3628 | D:4      | Found Fesyeps's Weapon Emporium.
  3809 | D:4      | Found a staircase to the Ecumenical Temple.
  4027 | D:5      | Entered Level 5 of the Dungeon
  4205 | D:5      | Reached skill level 3 in Ice Magic
  4344 | D:5      | Reached XP level 7. HP: 50/51 MP: 11/16
  4355 | D:5      | HP: 8/51 [gnoll/+0 spear[a gnoll bouda] (8)]
  4357 | D:5      | HP: 1/51 [gnoll bouda/+0 club (8)]
  4357 | D:5      | Mangled by a gnoll

Vanquished Creatures
  A black bear (D:4)
  A scorpion (D:4)
  A hound (D:5)
  A jelly (D:5)
  A gnoll bouda (D:4)
  2 orc priests (D:3)
  An iguana (D:5)
  3 orc wizards
  7 gnolls
  6 adders
  2 worms
  3 dart slugs
  13 orcs
  5 bats
  4 endoplasms
  3 giant cockroaches
  6 goblins
  7 hobgoblins
  12 jackals
  10 ball pythons
  A frilled lizard (D:1)
  9 kobolds
  4 rats
103 creatures vanquished.

Table legend:
 A = Non-vault XP
 B = Vault XP
 C = Vault XP percentage of total XP
 D = Non-vault monster count
 E = Vault monster count
 F = Vault count percentage of total count
                 A         B        C        D         E       F
            +---------+---------+-------+---------+---------+-------
      Total |     913 |       0 |   0.0 |     103 |       0 |   0.0
            +---------+---------+-------+---------+---------+-------
        D:1 |      44 |       0 |   0.0 |      26 |       0 |   0.0
        D:2 |     113 |       0 |   0.0 |      24 |       0 |   0.0
        D:3 |     192 |       0 |   0.0 |      21 |       0 |   0.0
        D:4 |     379 |       0 |   0.0 |      24 |       0 |   0.0
        D:5 |     185 |       0 |   0.0 |       8 |       0 |   0.0
            +---------+---------+-------+---------+---------+-------

Skill      XL: |  1  2  3  4  5  6 |
---------------+-------------------+-----
Transmutations | 2 3 4 |  4.2
Spellcasting   | 2 3 |  3.9
Poison Magic   | 1 2 |  2.5
Ice Magic      | 1 3 |  3.2
Fighting       | |  0.8
Dodging        | |  1.7
Unarmed Combat | |  2.6

Action                     |  1- 3 |  4- 6 |  7- 9 || total
---------------------------+-------+-------+-------++-------
  Melee: Unarmed           |   124 |   168 |    13 ||   305
         Kick              |    25 |       |       ||    25
         Headbutt          |    15 |     1 |       ||    16
         Punch             |     1 |     1 |       ||     2
   Cast: Beastly Appendage |    29 |     1 |       ||    30
         Wereblood         |     4 |    10 |       ||    14
         Spider Form       |     2 |    26 |       ||    28
    Use: Scroll            |     6 |     3 |       ||     9
   Stab: Sleeping          |     1 |       |       ||     1
 Armour: Robe              |    28 |     7 |       ||    35
         Skin              |     2 |     8 |       ||    10
  Dodge: Dodged            |    80 |   152 |    25 ||   257

Illustrated notes

Table legend:
 A = Kills in this place as a percentage of kills in the entire game.
 B = Kills by you in this place as a percentage of kills by you in the entire game.
 C = Kills by friends in this place as a percentage of kills by friends in the entire game.
 D = Other kills in this place as a percentage of other kills in the entire game.
 E = Experience gained in this place as a percentage of experience gained in the entire game.
 F = Experience gained in this place divided by the number of levels of this place that you have seen.
                   A       B       C       D       E      F
               +-------+-------+-------+-------+-------+----------------------
         Total | 100.0 | 100.0 |   N/A |   N/A | 100.0 | 182.6
       Dungeon | 100.0 | 100.0 |   N/A |   N/A | 100.0 | 182.6
               +-------+-------+-------+-------+-------+----------------------

Table legend: (Time is in decaauts)
 A = Elapsed time spent in this place.
 B = Non-inter-level travel time spent in this place.
 C = Inter-level travel time spent in this place.
 D = Time resting spent in this place.
 E = Time spent auto-exploring this place.
 F = Levels seen in this place.
 G = Mean time per level.
                   A        B        C        D        E       F      G
               +--------+--------+--------+--------+--------+-----+--------+
         Total |   4347 |   4152 |    195 |    246 |   3097 |   5 |  869.4 |
       Dungeon |   4347 |   4152 |    195 |    246 |   3097 |   5 |  869.4 |
               +--------+--------+--------+--------+--------+-----+--------+

Top non-repeatable levels by time:
     D:1: 1124 daAuts
     D:4: 1120 daAuts
     D:2: 1082 daAuts
     D:3: 691 daAuts
     D:5: 327 daAuts
